 Dungeon Crawl Stone Soup version bcrawl-1.19.1 (webtiles) character file.

Game seed: 2832047002114975636

238 Freyura the Shield-Bearer (level 5, 0/33 HPs)
             Began as a Skeleton Fighter on Dec 8, 2019.
             Was a Follower of Makhleb.
             Slain by a gnoll
             ... wielding a cursed -1 spear
              (4 damage)
             ... on level 3 of the Dungeon.
             The game lasted 00:07:15 (2715 turns).

Freyura the Shield-Bearer (Skeleton Fighter)        Turns: 2715, Time: 00:07:16

Health: 0/33       AC:  9    Str: 21 (22) XL:     5   Next: 78%
Magic:  0/5        EV:  9    Int:  7      God:    Makhleb [*.....]
Gold:   206        SH: 11    Dex:  9      Spells: 4/4 levels left

rFire    . . .     SeeInvis .   a - +1 long sword
rCold    + . .     Gourm    .   c - +1 shield
rNeg     + + +     Faith    .   b - +0 scale mail
rPois    ∞         Spirit   +   i - +0 helmet
rElec    .         Reflect  .   (no cloak)
rCorr    .         Harm     .   (no gloves)
MR       .....                  l - +0 pair of boots
Stlth    ..........             (no amulet)
HPRegen  0.11/turn              g - ring of fire
MPRegen  0.09/turn              n - ring of ice

@: no status effects
A: no food or potions, cold resistance 1, deterioration 1, negative energy
resistance 3, torment resistance, unbreathing, magic shield, sturdy frame 1,
spell healing
a: Renounce Religion


You were on level 3 of the Dungeon.
You worshipped Makhleb.
Makhleb was aware of your devotion.
You were not hungry.

You visited 1 branch of the dungeon, and saw 3 of its levels.

You collected 206 gold pieces.

Inventory:

Hand Weapons
 a - a +1 long sword (weapon)
Armour
 b - a +0 scale mail (worn)
 c - a +1 shield (worn)
 i - a +0 helmet (worn)
 l - a +0 pair of boots (worn)
Jewellery
 g - a ring of fire (left hand)
 n - a ring of ice (right hand)
Scrolls
 d - 2 scrolls of remove curse
 e - 3 scrolls of amnesia
 f - 3 scrolls of teleportation
 h - a scroll of enchant weapon
 j - 2 scrolls of identify
 k - 4 scrolls of fear


   Skills:
 + Level 3.7 Fighting
 * Level 4.5 Long Blades
 + Level 4.0 Armour
 + Level 2.0 Dodging
 + Level 4.6 Shields
 + Level 1.1 Invocations


You had 4 spell levels left.
You didn't know any spells.
Your spell library was empty.

Dungeon Overview and Level Annotations

Branches:
Dungeon (3/12)

Altars:
Ashenzari
Fedhas
Makhleb


Innate Abilities, Weirdness & Mutations

You do not eat or drink.
You are immune to poison.
Your flesh is cold resistant. (rC+)
Your body sometimes deteriorates upon taking damage.
You are immune to negative energy. (rN+++)
You are immune to unholy pain and torment.
You can survive without breathing.
When hurt, damage is shared between your health and your magic reserves.
Your movements are slightly less encumbered by armour. (ER -2)
Casting spells heals you.


Message History

The hound bites you but does no damage. The gnoll closely misses you.
The hound barely misses you. You block the hound's attack.
You hit the hound but do no damage.
The hound is heavily wounded.
You block the hound's attack. You block the gnoll's attack.
You closely miss the hound.
The hound is heavily wounded.
The hound bites you.
* * * LOW HITPOINT WARNING * * *
You block the gnoll's attack. You block the hound's attack.
You slash the hound!
You kill the hound!
Makhleb accepts your kill.
You feel your strength returning.
Your Armour skill increases to level 4!
Your Dodging skill increases to level 2!
The gnoll hits you but does no damage.
The gnoll hits you with a cursed -1 spear.
You die...

.....# #.# #...........##.#.
###### #.###
#^..#.#.##..##.#.
.########>..#
#................
........###.#
#..#######..##.##
.###.##.###.##
##.........^....# ##
#.##)##.#.###..########.#####
#.##...###.....#,..#....#
#.###.## ##.#.P#...####.#
#.##.## ##.@g†...# #.#
#.###.## ##.#.P#+#+####.#
###.####.###.##..#,*,#....#
#.........#..##..#***######
#.#.######.#.##### *,* #.#.#
###.# #.# #.#.# #.# #.#
#.#.##### #.# #.# #.#.....#
#.# #.#


You could see a gnoll.

Vanquished Creatures
  3 hounds (D:3)
  Robin (D:2)
  5 adders (D:3)
  4 worms
  A dart slug (D:1)
  4 leopard geckos
  5 orcs (D:3)
  4 bats
  A giant cockroach (D:2)
  7 hobgoblins
  A quokka (D:2)
  A ball python (D:3)
  7 frilled lizards
  13 goblins
  11 kobolds
  5 rats
73 creatures vanquished.

Notes
Turn   | Place    | Note
-------+----------+-------------------------------------------
     0 | D:1      | Freyura the Skeleton Fighter began the quest for the Orb.
     0 | D:1      | Reached XP level 1. HP: 14/14 MP: 1/1
   217 | D:1      | Reached XP level 2. HP: 17/19 MP: 2/2
   939 | D:2      | Found a blossoming altar of Fedhas.
  1007 | D:2      | Reached XP level 3. HP: 9/23 MP: 3/3
  1217 | D:2      | Reached skill level 1 in Dodging
  1654 | D:2      | Found a burning altar of Makhleb.
  1658 | D:2      | Became a worshipper of Makhleb the Destroyer
  1798 | D:3      | Noticed Robin
  1817 | D:2      | Killed Robin
  1837 | D:3      | Reached XP level 4. HP: 24/28 MP: 4/4
  2231 | D:3      | Reached * piety under Makhleb
  2253 | D:3      | Found a shattered altar of Ashenzari.
  2275 | D:3      | Reached XP level 5. HP: 30/32 MP: 5/5
  2701 | D:3      | Reached skill level 1 in Invocations
  2715 | D:3      | Slain by a gnoll

Skill      XL: |  1  2  3  4  5 |
---------------+----------------+-----
Long Blades    | 3 4 |  4.5
Dodging        | 1 2 |  2.0
Shields        | 4 |  4.6
Invocations    | 1 |  1.1
Armour         | 4 |  4.0
Fighting       | |  3.7

Action                   |  1- 3 |  4- 6 || total
-------------------------+-------+-------++-------
Melee: Long sword        |   180 |   129 ||   309
  Use: Scroll            |     5 |     2 ||     7
Armor: Scale mail        |    68 |    51 ||   119
Dodge: Dodged            |    59 |    48 ||   107
Block: Shield            |    99 |   101 ||   200
